[Event "FIDE World Rapid Chess Championship 2021"]
[White "Dragnev, Valentin"]
[Black "Lima, Darcy"]
[WhiteFideId "1634852"]
[BlackFideId "2100045"]
[WhiteElo "2409"]
[BlackElo "2505"]
[Result "1/2-1/2"]
[Round "08"]
[TimeControl "900+10"]
[Date "2021.12.27"]
[WhiteClock "0:00:45"]
[BlackClock "0:00:54"]

1. e4 e5 2. Nf3 Nc6 3. Bb5 Bc5 4. c3 Nf6 5. d4 Bb6 6. O-O O-O 7. dxe5 Nxe4 8. Qd5 Nc5 9. Be3 Ne7 10. Qd1 Ne4 11. Bxb6 axb6 12. Nbd2 d5 13. Bd3 Bf5 14. Qc2 Nxd2 15. Nxd2 Qd7 16. a3 c5 17. Rad1 Rfd8 18. Rfe1 h6 19. Nf1 Qe6 20. h3 d4 21. c4 Bxd3 22. Rxd3 Ng6 23. Nh2 Nxe5 24. Qb3 Qf6 25. Rd2 h5 26. Rde2 d3 27. Re4 d2 28. Rd1 Rd3 29. Qb5 Rad8 30. Nf1 Ng6 31. Ne3 Nf4 32. Re8+ Kh7 33. Rxd8 Qxd8 34. Qa4 g6 35. Qc2 Qg5 36. h4 Qxh4 37. Rxd2 Rd4 38. g3 Qg5 39. Kf1 Ne6 40. Rxd4 cxd4 41. Nd5 b5 42. b3 bxc4 43. bxc4 h4 44. Kg2 Kg7 45. Qe4 hxg3 46. fxg3 Kf8 47. Qe2 b5 48. Qb2 bxc4 49. Qb4+ Kg7 50. Qxc4 Qd2+ 51. Kf1 d3 52. Qc3+ Qxc3 53. Nxc3 Nc5 54. Kf2 Kf6 55. a4 Ke5 56. Ke3 f5 57. a5 g5 58. a6 Nxa6 59. Kxd3 Nb4+ 60. Ke2 Kd4 61. Nb5+ Ke5 62. Kf3 Nc6 63. Nc3 Kd4 64. Nb5+ Kd3 65. Nd6 Nd4+ 66. Kf2 g4 67. Nf7 Ke4 68. Nd6+ Kd5 69. Nf7 Ke4 70. Nd6+ Kd5 71. Nf7 Nc2 72. Ke2 Ke6 73. Nd8+ Kd5 74. Kd3 Nb4+ 75. Ke3 Ke5 76. Nf7+ Ke6 77. Nd8+ Ke7 78. Kf4 Kf6 79. Ke3 Nd5+ 80. Kf2 Nc3 81. Ke3 Nd5+ 82. Kf2 Ke5 83. Nf7+ Kf6 84. Nd8 Nc7 85. Ke3 Nd5+ 86. Kf2 1/2-1/2


[Site "http://www.Chess.com"]

[Event "FIDE World Rapid Chess Championship 2021"]
[White "Carlsson, Pontus"]
[Black "Kuzmicz, Krystian"]
[WhiteFideId "1705814"]
[BlackFideId "1119125"]
[WhiteElo "2436"]
[BlackElo "2314"]
[Result "1-0"]
[Round "08"]
[TimeControl "900+10"]
[Date "2021.12.27"]
[WhiteClock "0:00:25"]
[BlackClock "0:00:59"]

1. e4 c5 2. Nf3 e6 3. c3 d5 4. exd5 Qxd5 5. d4 Nf6 6. a3 Nc6 7. Bd3 cxd4 8. cxd4 Be7 9. Nc3 Qd8 10. O-O O-O 11. Re1 b6 12. Bc2 Bb7 13. Qd3 Re8 14. d5 exd5 15. Bg5 Ne4 16. Nxe4 dxe4 17. Qxe4 g6 18. Qh4 Qc7 19. Bb3 h5 20. Bxe7 Nxe7 21. Rac1 Qd6 22. Rcd1 Nd5 23. Ng5 Rxe1+ 24. Rxe1 Qf6 25. Qg3 Kg7 26. h4 Nf4 27. Bxf7 Nxg2 28. Re6 1-0


[Site "http://www.Chess.com"]

[Event "FIDE World Rapid Chess Championship 2021"]
[White "Tologontegin, Semetey"]
[Black "Tang, Andrew"]
[WhiteFideId "13800574"]
[BlackFideId "2059630"]
[WhiteElo "2300"]
[BlackElo "2427"]
[Result "0-1"]
[Round "08"]
[TimeControl "900+10"]
[Date "2021.12.27"]
[WhiteClock "0:00:19"]
[BlackClock "0:00:24"]

1. d4 d5 2. Nc3 Nf6 3. Bf4 e6 4. Nb5 Na6 5. e3 Be7 6. a3 O-O 7. c4 c5 8. Nf3 Ne4 9. Rc1 Qa5+ 10. Nd2 Bd7 11. Nc3 Nxc3 12. Rxc3 Ba4 13. Qg4 Bf6 14. Be5 Bxe5 15. dxe5 Rad8 16. cxd5 exd5 17. Bd3 c4 18. Bc2 Bd7 19. Qh4 h6 20. O-O Nc7 21. a4 b5 22. Bb1 bxa4 23. e4 Nb5 24. exd5 Nxc3 25. bxc3 Qxd5 26. Nxc4 Bb5 27. Ne3 Qxe5 28. Rc1 Rd2 29. h3 a3 30. Ng4 Qd6 0-1


[Site "http://www.Chess.com"]

[Event "FIDE World Rapid Chess Championship 2021"]
[White "Nevednichy, Vladislav"]
[Black "Kanarek, Marcel"]
[WhiteFideId "1205730"]
[BlackFideId "1126822"]
[WhiteElo "2425"]
[BlackElo "2296"]
[Result "1-0"]
[Round "08"]
[TimeControl "900+10"]
[Date "2021.12.27"]
[WhiteClock "0:00:26"]
[BlackClock "0:00:53"]

1. e4 c5 2. Nf3 e6 3. d4 cxd4 4. Nxd4 Nf6 5. Nc3 Nc6 6. a3 Qc7 7. Nb3 Be7 8. Bd3 O-O 9. O-O b6 10. f4 d6 11. Qf3 Bb7 12. Qh3 Rad8 13. Bd2 Qc8 14. Rae1 e5 15. f5 Na5 16. Nxa5 bxa5 17. Qg3 Kh8 18. Kh1 Bc6 19. a4 Nh5 20. Qf2 Qb7 21. Bb5 Rc8 22. Qe2 Bxb5 23. axb5 Nf6 24. Bg5 a6 25. Bxf6 Bxf6 26. Rf2 Bh4 27. g3 Bd8 28. bxa6 Qxb2 29. Nd5 Bb6 30. c3 Qxe2 31. Rfxe2 Rc6 32. Rb1 Bc5 33. Ra2 Rxa6 34. Ra4 h5 35. Rb5 g6 36. f6 g5 37. Kg2 Kh7 38. Ne7 Rfa8 39. g4 Rb6 40. c4 hxg4 41. Kg3 Rxb5 42. cxb5 Bb4 43. Nc6 Rc8 44. Kxg4 Bd2 45. Kf5 Rg8 46. Kg4 Rc8 47. h3 Kh6 48. Rc4 Be3 49. Nxe5 Rb8 50. Nxf7+ Kg6 51. Nxd6 Kxf6 52. Kf3 Bf4 53. Rc6 Bxd6 54. Rxd6+ Ke7 55. Rd5 a4 56. Rxg5 a3 57. Kf4 Ra8 58. Rg1 a2 59. Ra1 Kd6 60. Kf5 Kc5 61. e5 Kxb5 62. e6 Rf8+ 63. Ke5 Rf2 64. e7 Re2+ 65. Kd6 Rd2+ 66. Kc7 Re2 67. Kd8 Rd2+ 68. Ke8 Kc6 69. h4 Kd6 70. h5 Rb2 71. h6 Rh2 72. Kd8 Rb2 73. Rd1+ 1-0


[Site "http://www.Chess.com"]

[Event "FIDE World Rapid Chess Championship 2021"]
[White "Jakubowski, Krzysztof"]
[Black "Toczek, Grzegorz"]
[WhiteFideId "1112848"]
[BlackFideId "1106457"]
[WhiteElo "2399"]
[BlackElo "2220"]
[Result "1-0"]
[Round "08"]
[TimeControl "900+10"]
[Date "2021.12.27"]
[WhiteClock "0:03:56"]
[BlackClock "0:01:03"]

1. e4 c5 2. Nf3 d6 3. d4 cxd4 4. Nxd4 Nf6 5. Nc3 Nc6 6. Bg5 Bd7 7. Bxf6 gxf6 8. Be2 Bh6 9. O-O Rg8 10. Nf5 Bxf5 11. exf5 Qd7 12. Qd5 Rg5 13. f4 e6 14. fxe6 fxe6 15. Qd3 Ra5 16. Qh3 Bg7 17. f5 Re5 18. Bg4 exf5 19. Bxf5 Qc7 20. Kh1 Kf8 21. Qxh7 Ne7 22. Bd3 d5 23. Rf3 Qb6 24. Rg3 Rg5 25. Rxg5 fxg5 26. Rf1+ Bf6 27. Qh8+ Kf7 28. Qxa8 1-0


[Site "http://www.Chess.com"]

[Event "FIDE World Rapid Chess Championship 2021"]
[White "Kadric, Denis"]
[Black "Yunusov, Mukhammad"]
[WhiteFideId "14403803"]
[BlackFideId "14700930"]
[WhiteElo "2542"]
[BlackElo "1832"]
[Result "1-0"]
[Round "08"]
[TimeControl "900+10"]
[Date "2021.12.27"]
[WhiteClock "0:11:41"]
[BlackClock "0:00:20"]

1. e4 c5 2. Nc3 Nc6 3. Nge2 d6 4. d4 cxd4 5. Nxd4 Nf6 6. Bc4 e6 7. Bb3 Be7 8. O-O O-O 9. f4 a6 10. Kh1 Qc7 11. f5 Nxd4 12. Qxd4 Bd7 13. Bg5 Rac8 14. Rad1 b5 15. a3 a5 16. Rd3 e5 17. Qf2 Bc6 18. Qh4 h6 19. Rh3 Nd5 20. f6 Bxf6 21. Rxf6 Nxf6 22. Bxf6 Kh7 23. Bxg7 1-0


[Site "http://www.Chess.com"]

[Event "FIDE World Rapid Chess Championship 2021"]
[White "Lopusiewicz, Piotr"]
[Black "Zilka, Stepan"]
[WhiteFideId "1116029"]
[BlackFideId "315303"]
[WhiteElo "2197"]
[BlackElo "2474"]
[Result "0-1"]
[Round "08"]
[TimeControl "900+10"]
[Date "2021.12.27"]
[WhiteClock "0:00:13"]
[BlackClock "0:11:48"]

1. d4 Nf6 2. c4 e6 3. Nf3 d5 4. Nc3 Be7 5. Bf4 O-O 6. e3 c5 7. dxc5 Bxc5 8. Qc2 Nc6 9. Rd1 Be7 10. Be2 Qa5 11. O-O Bd7 12. a3 dxc4 13. Bxc4 Rfd8 14. Nb5 Rac8 15. Nd6 Bxd6 16. Bxd6 b5 17. Ba2 Nd4 18. Qd2 Nxf3+ 19. gxf3 Qxd2 20. Rxd2 Bc6 21. Kg2 Bd5 22. Bxd5 Rxd6 23. Bb7 Rxd2 24. Bxc8 Nd5 25. Rc1 Nxe3+ 26. Kh3 Rxf2 27. Bb7 g6 28. b4 h5 29. Kg3 Rg2+ 30. Kf4 Nc4 31. Bc6 f5 32. Ra1 Kf8 0-1


[Site "http://www.Chess.com"]

[Event "FIDE World Rapid Chess Championship 2021"]
[White "Nasuta, Grzegorz"]
[Black "Baum, Jonasz"]
[WhiteFideId "1141686"]
[BlackFideId "1195360"]
[WhiteElo "2345"]
[BlackElo "2343"]
[Result "0-1"]
[Round "08"]
[TimeControl "900+10"]
[Date "2021.12.27"]
[WhiteClock "0:00:43"]
[BlackClock "0:01:07"]

1. e4 c5 2. Nf3 Nc6 3. Bb5 a6 4. Bxc6 dxc6 5. d3 Qc7 6. h3 e5 7. a4 a5 8. Be3 Bd6 9. Na3 Ne7 10. Nc4 f6 11. Nfd2 Be6 12. O-O Ng6 13. b3 Be7 14. Nb1 O-O 15. Nc3 Rfd8 16. Qf3 b6 17. Ne2 Rf8 18. Ng3 Nh4 19. Qh5 g5 20. Qh6 b5 21. Nd2 Qd7 22. Kh2 Rf7 23. Qh5 Ng6 24. Nf5 Bxf5 25. exf5 Qxf5 26. Qg4 Qxg4 27. hxg4 Nf8 28. axb5 cxb5 29. Ra2 Ne6 30. Rfa1 Bd8 31. Ne4 h5 32. gxh5 f5 33. Nd6 Rh7 34. Nxf5 Rxh5+ 35. Kg1 Ra6 36. Ng3 Rh7 37. Ne4 Nd4 38. Bxg5 Ne2+ 39. Kf1 Nd4 40. Ke1 Bxg5 41. Nxg5 Rg7 42. Ne4 Rxg2 43. Kd2 a4 44. bxa4 b4 45. Rb2 Ra5 46. c3 Nc6 47. Rc2 Ra8 48. cxb4 Nd4 49. Rb2 cxb4 50. Rxb4 Rc8 51. Rb2 Nf3+ 52. Ke3 Nd4 53. Rh1 Rg7 54. a5 Rf7 55. a6 Ra8 56. Rh6 Nf5+ 57. Kd2 Nxh6 58. Rb6 Nf5 59. Nc5 Nd4 60. Ke3 Rc7 61. Nb7 Rc6 62. Rxc6 Nxc6 63. Nc5 Nb4 64. Ke4 Nxa6 65. Nd7 Rd8 66. Nxe5 Nc5+ 67. Ke3 Re8 68. Kd4 Ne6+ 69. Kd5 Nf4+ 70. Kd4 Kg7 71. f3 Kg8 72. Nc6 Kf7 73. Ne5+ Kf6 74. Nd7+ Kf5 75. Nc5 Ne6+ 76. Nxe6 Rxe6 77. Kc5 Re3 78. d4 Rxf3 0-1


[Site "http://www.Chess.com"]

[Event "FIDE World Rapid Chess Championship 2021"]
[White "Kolosowski, Mateusz"]
[Black "Lubczynski, Rafal"]
[WhiteFideId "1129708"]
[BlackFideId "1126091"]
[WhiteElo "2371"]
[BlackElo "2289"]
[Result "1-0"]
[Round "08"]
[TimeControl "900+10"]
[Date "2021.12.27"]
[WhiteClock "0:05:26"]
[BlackClock "0:01:02"]

1. e4 d6 2. d4 Nf6 3. Nc3 e5 4. Nge2 Nc6 5. h3 exd4 6. Nxd4 Be7 7. Nxc6 bxc6 8. Bd3 O-O 9. O-O d5 10. Qf3 Be6 11. Bf4 dxe4 12. Nxe4 Nd5 13. Be5 f6 14. Bh2 Nb4 15. Rad1 Nxd3 16. Rxd3 Qb8 17. b3 Rd8 18. Re3 Bf7 19. Ng5 Bd5 20. Qh5 fxg5 21. Rxe7 Qb4 22. Qxg5 Bf7 23. Be5 Kf8 24. Bxg7+ 1-0


[Site "http://www.Chess.com"]

[Event "FIDE World Rapid Chess Championship 2021"]
[White "Jobava, Baadur"]
[Black "Grischuk, Alexander"]
[WhiteFideId "13601520"]
[BlackFideId "4126025"]
[WhiteElo "2679"]
[BlackElo "2763"]
[Result "1/2-1/2"]
[Round "09"]
[TimeControl "900+10"]
[Date "2021.12.27"]
[WhiteClock "0:00:27"]
[BlackClock "0:00:00"]

1. d4 Nf6 2. c4 e6 3. Nc3 Bb4 4. Qc2 d5 5. cxd5 exd5 6. Bg5 h6 7. Bh4 O-O 8. e3 c5 9. dxc5 Be6 10. Nf3 Nbd7 11. Bd3 Rc8 12. O-O Nxc5 13. Ne2 Nce4 14. Qb3 Qb6 15. Bxf6 Nxf6 16. Ned4 Bc5 17. Qxb6 Bxb6 18. h3 Rfd8 19. Rfd1 Kf8 20. a4 a5 21. Kf1 Ke7 22. Ke2 g6 23. Ra3 Bc5 24. Rb3 b6 25. Ba6 Rc7 26. Nb5 Rcd7 27. Ne5 Ra8 28. Nxd7 Kxd7 29. Bb7 Rb8 30. Bxd5 Bxd5 31. e4 Re8 32. Kf3 Rxe4 33. Rxd5+ Kc6 34. Rd8 Rxa4 35. Rc8+ Kd7 36. Ra8 Ne4 37. Rd3+ Kc6 38. Nc3 Nxc3 39. Rxc3 Ra2 40. b4 Rxf2+ 41. Kg3 axb4 42. Rxc5+ Kxc5 43. Kxf2 b3 44. Ra1 Kc4 45. Rc1+ Kb4 46. Rb1 Kc3 47. Rc1+ Kb4 48. Rb1 Kc3 49. Rc1+ 1/2-1/2


[Site "http://www.Chess.com"]

[Event "FIDE World Rapid Chess Championship 2021"]
[White "Gelfand, Boris"]
[Black "Abdusattorov, Nodirbek"]
[WhiteFideId "2805677"]
[BlackFideId "14204118"]
[WhiteElo "2648"]
[BlackElo "2593"]
[Result "0-1"]
[Round "09"]
[TimeControl "900+10"]
[Date "2021.12.27"]
[WhiteClock "0:02:27"]
[BlackClock "0:04:37"]

1. d4 Nf6 2. Nf3 d5 3. c4 e6 4. g3 dxc4 5. Bg2 Nc6 6. Qa4 Bb4+ 7. Bd2 Nd5 8. Bxb4 Nxb4 9. Nc3 Rb8 10. a3 Nd5 11. Qxc4 O-O 12. Rd1 Na5 13. Qd3 b5 14. O-O Nc4 15. Qc2 Nxc3 16. Qxc3 Bb7 17. Nd2 Bxg2 18. Kxg2 Qd5+ 19. Kg1 Rfd8 20. Nxc4 bxc4 21. Rd2 Rb3 22. Qc2 c3 23. bxc3 Qc4 24. Qd3 Qxc3 25. Rfd1 Rxa3 26. Qxc3 Rxc3 27. Ra1 c5 28. Rxa7 g6 29. Rc7 Rxd4 30. Ra2 Rd5 31. Ra8+ Kg7 32. e4 Rd2 33. Ra1 Rcc2 34. Rf1 Re2 0-1


[Site "http://www.Chess.com"]

[Event "FIDE World Rapid Chess Championship 2021"]
[White "Nakamura, Hikaru"]
[Black "Fedoseev, Vladimir"]
[WhiteFideId "2016192"]
[BlackFideId "24130737"]
[WhiteElo "2836"]
[BlackElo "2692"]
[Result "1-0"]
[Round "09"]
[TimeControl "900+10"]
[Date "2021.12.27"]
[WhiteClock "0:00:21"]
[BlackClock "0:00:08"]

1. d4 Nf6 2. c4 e6 3. Nc3 Bb4 4. Qc2 d5 5. cxd5 exd5 6. Bg5 h6 7. Bh4 c5 8. dxc5 Nc6 9. e3 g5 10. Bg3 Ne4 11. Bd3 Nxg3 12. hxg3 Bxc5 13. Nf3 g4 14. Nh4 d4 15. exd4 Nxd4 16. Qd2 Qe7+ 17. Kf1 Be6 18. Ne4 Bb6 19. Rc1 Bc7 20. Nf6+ Qxf6 21. Rxc7 O-O 22. Kg1 Rfc8 23. Rxb7 Bxa2 24. Kh2 Rab8 25. Rxb8 Rxb8 26. b4 Be6 27. Re1 Nb3 28. Rxe6 fxe6 29. Qc2 Rxb4 30. Qc8+ Kg7 31. Qc7+ Qf7 32. Qc3+ Rd4 33. Qxb3 Qxf2 34. Qxe6 Rxd3 35. Qg6+ Kf8 36. Qxh6+ Ke7 37. Qh7+ Kd6 38. Qxd3+ Kc5 39. Nf5 a5 40. Qa3+ Kb5 41. Nd6+ Kc6 42. Ne4 Qf5 43. Qc3+ Kb6 44. Qd4+ Kc6 45. Kg1 Qf8 46. Nf2 Qc5 47. Qxg4 Kb5 48. Qe2+ Kb4 49. Kf1 Kb3 50. Qd3+ Kb2 51. Nd1+ Kc1 52. Qc3+ 1-0


[Site "http://www.Chess.com"]

[Event "FIDE World Rapid Chess Championship 2021"]
[White "Caruana, Fabiano"]
[Black "Anton Guijarro, David"]
[WhiteFideId "2020009"]
[BlackFideId "2285525"]
[WhiteElo "2770"]
[BlackElo "2627"]
[Result "1-0"]
[Round "09"]
[TimeControl "900+10"]
[Date "2021.12.27"]
[WhiteClock "0:05:57"]
[BlackClock "0:01:35"]

1. e4 c6 2. d4 d5 3. exd5 cxd5 4. Bd3 Nc6 5. c3 e6 6. Bf4 Nge7 7. Nf3 f6 8. Qc2 g5 9. Bg3 Nf5 10. Nbd2 h5 11. h4 Nxg3 12. fxg3 g4 13. Ng1 Bd6 14. Ne2 Qc7 15. O-O Bxg3 16. Nxg3 Qxg3 17. Rxf6 Bd7 18. Bg6+ Kd8 19. Raf1 Kc7 20. Qd3 Qxh4 21. Rf7 Rag8 22. Bh7 Rd8 23. Qe3 Kb8 24. Qf4+ e5 25. dxe5 Be6 26. Rf6 Rxh7 27. Nf3 Qxf6 28. exf6+ Rc7 29. Ng5 Bg8 30. f7 Bxf7 31. Nxf7 Rf8 32. Qd6 1-0


[Site "http://www.Chess.com"]

[Event "FIDE World Rapid Chess Championship 2021"]
[White "Cheparinov, Ivan"]
[Black "Giri, Anish"]
[WhiteFideId "2905540"]
[BlackFideId "24116068"]
[WhiteElo "2621"]
[BlackElo "2767"]
[Result "1-0"]
[Round "09"]
[TimeControl "900+10"]
[Date "2021.12.27"]
[WhiteClock "0:04:17"]
[BlackClock "0:01:35"]

1. d4 d5 2. c4 c6 3. Nf3 Nf6 4. Nc3 dxc4 5. a4 Bf5 6. Ne5 e6 7. f3 Bb4 8. Nxc4 O-O 9. Kf2 h6 10. e4 Bh7 11. Be3 a5 12. Be2 Na6 13. Qb3 Nd7 14. Rhd1 Kh8 15. Kg1 f5 16. e5 Nc7 17. Bf2 Qe7 18. Na2 Nd5 19. Nxb4 axb4 20. Nd6 b6 21. Bc4 Ra5 22. Nb7 Ra7 23. Bxd5 exd5 24. Nd6 c5 25. Qxd5 cxd4 26. Nb5 Raa8 27. Bxd4 Bg8 28. Qd6 Qxd6 29. exd6 Bb3 30. Re1 Rxa4 31. Rac1 Ra5 32. Nc7 Rf7 33. Re7 Kg8 34. Rce1 Nf8 35. Bxb6 Ra2 36. Bd4 f4 37. Kf2 Ra4 38. h4 Bc4 39. Rxf7 Bxf7 40. Re7 b3 41. Bc3 Rc4 42. d7 Nxd7 43. Rxd7 Rxc3 44. bxc3 b2 45. Rd8+ 1-0


[Site "http://www.Chess.com"]

[Event "FIDE World Rapid Chess Championship 2021"]
[White "Rapport, Richard"]
[Black "Amin, Bassem"]
[WhiteFideId "738590"]
[BlackFideId "10601457"]
[WhiteElo "2750"]
[BlackElo "2614"]
[Result "0-1"]
[Round "09"]
[TimeControl "900+10"]
[Date "2021.12.27"]
[WhiteClock "0:05:46"]
[BlackClock "0:01:15"]

1. e4 e5 2. Nf3 Nc6 3. g3 Nf6 4. d3 d5 5. exd5 Nxd5 6. Bg2 g6 7. Nc3 Bg7 8. O-O O-O 9. Nxd5 Qxd5 10. Re1 Qd6 11. Nd2 Re8 12. Ne4 Qd8 13. c3 h6 14. b4 Kh7 15. h4 f5 16. Bg5 Qd7 17. Nf6+ Bxf6 18. Bxf6 Qd6 19. b5 Nb8 20. Bxe5 Rxe5 21. Qb3 Be6 22. Qb4 Nd7 23. Bxb7 Qxb4 24. cxb4 Rb8 25. Bc6 Rxe1+ 26. Rxe1 Nf8 27. d4 Bxa2 28. Re7+ Kh8 29. Rxc7 Bc4 30. Rxa7 Bxb5 31. d5 Rb6 32. Rc7 Bxc6 33. dxc6 Ne6 34. Rf7 Rxc6 35. b5 Rb6 36. h5 Ng5 37. Ra7 gxh5 38. Ra6 Rxb5 39. Rxh6+ Kg7 40. Rxh5 Kg6 41. Rh8 Ne4 42. Rh4 Rb1+ 43. Kg2 Rb2 44. Rf4 Kg5 45. Rf3 Rd2 46. Kg1 Nc5 47. Rf4 Nd3 48. Rd4 Rd1+ 49. Kh2 Nxf2 0-1


[Site "http://www.Chess.com"]

[Event "FIDE World Rapid Chess Championship 2021"]
[White "Dubov, Daniil"]
[Black "Hovhannisyan, Robert"]
[WhiteFideId "24126055"]
[BlackFideId "13302507"]
[WhiteElo "2735"]
[BlackElo "2613"]
[Result "0-1"]
[Round "09"]
[TimeControl "900+10"]
[Date "2021.12.27"]
[WhiteClock "0:00:52"]
[BlackClock "0:00:31"]

1. c4 e5 2. Nc3 Bb4 3. Nd5 Be7 4. Nf3 d6 5. g3 Nf6 6. Nxe7 Qxe7 7. Bg2 O-O 8. O-O c5 9. d3 h6 10. h3 Nc6 11. e4 Be6 12. Be3 a6 13. Nh4 Qd7 14. Kh2 g5 15. Qf3 Kg7 16. Nf5+ Bxf5 17. exf5 Nd4 18. Bxd4 exd4 19. Qxb7 Qxf5 20. Qc7 Rab8 21. b3 Qxd3 22. Qxd6 Qf5 23. Qxa6 Rfe8 24. Rae1 d3 25. Rxe8 Rxe8 26. Qd6 h5 27. a4 Re6 28. Qd8 Re8 29. Qd6 Re6 30. Qd8 Re2 31. a5 Ra2 32. Kg1 Ra3 33. Qb6 h4 34. a6 d2 35. Qd6 Qc2 36. Qxc5 d1=Q 37. Qxa3 Qd4 38. gxh4 g4 39. Qa5 g3 40. Qg5+ Qg6 41. c5 gxf2+ 42. Rxf2 Qxg5 43. hxg5 Nh5 44. c6 Nf4 45. Bf1 Qe3 46. c7 Qg3+ 47. Rg2 Nxg2 48. c8=Q Ne3+ 49. Kh1 Qf3+ 0-1


[Site "http://www.Chess.com"]

[Event "FIDE World Rapid Chess Championship 2021"]
[White "Onyshchuk, Volodymyr"]
[Black "Chigaev, Maksim"]
[WhiteFideId "14114038"]
[BlackFideId "4108116"]
[WhiteElo "2687"]
[BlackElo "2605"]
[Result "1/2-1/2"]
[Round "09"]
[TimeControl "900+10"]
[Date "2021.12.27"]
[WhiteClock "0:01:51"]
[BlackClock "0:00:41"]

1. e4 c5 2. Nf3 d6 3. d4 cxd4 4. Nxd4 Nf6 5. Nc3 a6 6. a4 e5 7. Nf3 h6 8. Bc4 Be6 9. Qe2 Qc7 10. Ba2 Be7 11. O-O Nbd7 12. Rd1 Rc8 13. Nd2 Qc5 14. h3 Nf8 15. Nf1 Ng6 16. Ng3 O-O 17. Nh5 Nxh5 18. Qxh5 Kh7 19. Bd5 Qc7 20. Be3 Bf6 21. Bb3 Nf4 22. Qf3 Qe7 23. Rd2 Bxb3 24. cxb3 Qe6 25. b4 Rc4 26. b5 axb5 27. axb5 Ng6 28. Rad1 Be7 29. Nd5 Bd8 30. b3 Rc8 31. Qg4 f5 32. exf5 Qxf5 33. Qxf5 Rxf5 34. Ra2 Rf7 35. Ra7 Nh4 36. Rc1 Rxc1+ 37. Bxc1 Nf5 38. Ra8 Bh4 39. g3 Bg5 40. Bxg5 hxg5 41. Rd8 Nd4 42. b6 Nf3+ 43. Kf1 Nd2+ 44. Ke2 Nxb3 45. Rxd6 Nd4+ 46. Kd3 Rxf2 47. Rd7 Ne6 48. Rxb7 Nc5+ 49. Ke3 Rg2 50. Re7 Rxg3+ 51. Ke2 Rxh3 52. Rxe5 Rb3 1/2-1/2


[Site "http://www.Chess.com"]

[Event "FIDE World Rapid Chess Championship 2021"]
[White "Movsesian, Sergei"]
[Black "Van Foreest, Jorden"]
[WhiteFideId "310204"]
[BlackFideId "1039784"]
[WhiteElo "2667"]
[BlackElo "2563"]
[Result "0-1"]
[Round "09"]
[TimeControl "900+10"]
[Date "2021.12.27"]
[WhiteClock "0:00:34"]
[BlackClock "0:03:06"]

1. e4 c6 2. d4 d5 3. e5 Bf5 4. Nd2 e6 5. Nb3 Nd7 6. Nf3 Qc7 7. Be2 f6 8. O-O fxe5 9. Nxe5 Nxe5 10. dxe5 Qxe5 11. Re1 O-O-O 12. Nd4 Bd6 13. g3 Qf6 14. Bg4 h5 15. Bxf5 exf5 16. Re6 Qf7 17. Bg5 Nf6 18. Bxf6 gxf6 19. Qd3 f4 20. Qf5 Kb8 21. Rxf6 Qd7 22. Re1 fxg3 23. hxg3 h4 24. Qxd7 Rxd7 25. Nf5 Bc7 26. Nxh4 Bd8 27. Rf4 Bg5 28. Rg4 Bf6 29. b3 Kc7 30. Kg2 a5 31. Re6 Bc3 32. Rg5 Kb6 33. Rf5 Kc5 34. Ng6 Rh6 35. a3 Bb2 36. a4 Kb4 37. Rf3 Rdh7 38. Nf4 Rh1 39. Rfe3 Bd4 40. Re2 Kc3 41. Kf3 Rf7 42. Re7 Rxe7 43. Rxe7 Kxc2 44. Rxb7 Rf1 45. Rc7 Rxf2+ 46. Kg4 c5 47. Ne6 Kxb3 48. Nxc5+ Bxc5 49. Rxc5 d4 50. Rxa5 d3 51. Rb5+ Kc3 52. Rc5+ Kd4 53. Rc8 d2 54. Rd8+ Ke3 55. Kh5 Rf1 56. Re8+ Kf3 57. Rf8+ Kg2 58. Rd8 d1=Q+ 59. Rxd1 Rxd1 60. g4 Kf3 61. g5 Kf4 0-1


[Site "http://www.Chess.com"]

[Event "FIDE World Rapid Chess Championship 2021"]
[White "Firouzja, Alireza"]
[Black "Shevchenko, Kirill"]
[WhiteFideId "12573981"]
[BlackFideId "14129574"]
[WhiteElo "2656"]
[BlackElo "2508"]
[Result "1-0"]
[Round "09"]
[TimeControl "900+10"]
[Date "2021.12.27"]
[WhiteClock "0:01:04"]
[BlackClock "0:00:11"]

1. d4 Nf6 2. c4 g6 3. Nc3 Bg7 4. e4 d6 5. Nf3 O-O 6. Be2 e5 7. O-O Nc6 8. d5 Ne7 9. Ne1 Nd7 10. Nd3 f5 11. f3 Nf6 12. c5 c6 13. Qb3 Kh8 14. Be3 fxe4 15. fxe4 cxd5 16. cxd6 Nc6 17. exd5 Nd4 18. Bxd4 exd4 19. Nb5 Bg4 20. Bxg4 Nxg4 21. Rxf8+ Bxf8 22. Qb4 Qh4 23. h3 Ne3 24. Qe1 Qe4 25. Qe2 Rd8 26. Re1 Bxd6 27. Nxd4 Qxd4 28. Qxe3 Qxd5 29. Kh1 Rf8 30. a3 a6 31. Nf2 Bc5 32. Qh6 Qf5 33. Ng4 Bd6 34. Qc1 h5 35. Nh2 Bxh2 36. Qh6+ Kg8 37. Re7 Qf1+ 38. Kxh2 Qf4+ 39. Qxf4 Rxf4 40. Rxb7 a5 41. Kg3 Rd4 42. Ra7 Rd2 43. Rxa5 Rxb2 44. Ra7 Ra2 45. h4 Rc2 46. a4 Rc4 47. a5 Rg4+ 48. Kh3 g5 49. hxg5 Rxg5 50. a6 Ra5 51. Kg3 Ra4 52. Kf3 Kf8 53. Ke3 Ke8 54. g3 Kd8 55. Ra8+ Kc7 56. a7 Ra3+ 57. Kf4 Ra4+ 58. Kg5 Ra5+ 59. Kh4 Kb6 60. Rh8 Rxa7 61. Rxh5 Kc6 62. g4 Kd6 63. Rf5 Ke6 64. Kh5 Ra8 65. Rf1 Rh8+ 66. Kg5 Rg8+ 67. Kh4 Rh8+ 68. Kg3 Rg8 69. Rf5 Ra8 70. Kf4 Rb8 71. Kg3 Ra8 72. Rf4 Rg8 73. Kh4 Rh8+ 74. Kg5 Rg8+ 75. Kh5 Ke5 76. Rf5+ Ke6 77. Kh4 Rh8+ 78. Kg3 Ra8 79. Rf4 Rg8 80. Kh4 Rh8+ 81. Kg5 Rg8+ 82. Kh6 Ke5 83. Ra4 Rh8+ 84. Kg7 Rh4 85. Ra5+ Ke6 86. g5 Rg4 87. g6 Rg2 88. Ra6+ Ke7 89. Kg8 Rh2 90. g7 Rh4 91. Ra1 Rg4 92. Re1+ Kd6 93. Rh1 Kd5 1-0


[Site "http://www.Chess.com"]

[Event "FIDE World Rapid Chess Championship 2021"]
[White "Volokitin, Andrei"]
[Black "Alekseenko, Kirill"]
[WhiteFideId "14107090"]
[BlackFideId "4135539"]
[WhiteElo "2631"]
[BlackElo "2637"]
[Result "1/2-1/2"]
[Round "09"]
[TimeControl "900+10"]
[Date "2021.12.27"]
[WhiteClock "0:00:44"]
[BlackClock "0:00:17"]

1. e4 e5 2. Nf3 Nc6 3. Bc4 Bc5 4. O-O Nf6 5. d3 d6 6. c3 O-O 7. Re1 h6 8. h3 Bb6 9. Bb3 Ne7 10. Nbd2 Ng6 11. Nc4 Be6 12. Bc2 Re8 13. a3 c6 14. Nxb6 axb6 15. d4 exd4 16. Nxd4 Bd7 17. Nf5 Bxf5 18. exf5 Rxe1+ 19. Qxe1 Ne5 20. Bf4 Qe7 21. Rd1 Re8 22. Qd2 d5 23. a4 Nc4 24. Qc1 Nd6 25. Be3 Nd7 26. Re1 Nc4 27. Bd2 Qd8 28. Rxe8+ Qxe8 29. Bf4 Qe2 30. b3 Nce5 31. Qd2 Qxd2 32. Bxd2 f6 33. f4 Nf7 34. Kf2 Nd6 35. Kf3 Kf7 36. b4 b5 37. a5 b6 38. axb6 Nxb6 39. Be3 Nbc4 40. Bc5 Nd2+ 41. Ke3 N2e4 42. Bxd6 Nxd6 43. Kd4 Nb7 44. g4 Ke7 45. Bd3 Kd7 46. Bf1 Nd6 47. Bd3 Kc7 48. Kc5 Nc8 49. Be2 Nb6 50. Bd3 Nd7+ 51. Kd4 Kd6 52. Be2 Nb6 53. Bd3 Na4 54. Bf1 Nb2 55. Be2 Nc4 56. Bf1 Nd2 57. Be2 Nb3+ 58. Ke3 d4+ 59. cxd4 Nc1 60. g5 Na2 61. gxf6 gxf6 62. Bd1 Nxb4 63. Bb3 Nd5+ 64. Kf3 b4 65. Ke4 Nb6 66. Kf3 h5 67. h4 c5 68. dxc5+ Kxc5 69. Ke4 Nc4 70. Kd3 Nd6 71. Be6 Nb5 72. Bf7 Nd4 73. Bxh5 Nxf5 74. Bg6 Nxh4 75. Be4 f5 76. Bb7 Ng6 77. Bc8 Nxf4+ 78. Kd2 Kc4 79. Bxf5 Kb3 80. Bh7 Kb2 81. Bg8 Ng6 82. Bf7 Ne5 83. Bg8 Ka3 84. Kc2 Ka4 85. Bb3+ Kb5 86. Bg8 Kc5 87. Kb2 1/2-1/2


[Site "http://www.Chess.com"]